 Dungeon Crawl Stone Soup version 0.31-a0-18-gea43df2a32 (webtiles) character file.

Game seed: 11178061425632669526

170 subawu the Trooper (level 5, 0/47 HPs)
             Began as a Draconian Chaos Knight on May 12, 2023.
             Was a Plaything of Xom.
             Slain by an orc wizard
             ... wielding a +0 dagger
              (3 damage)
             ... on level 4 of the Dungeon.
             The game lasted 00:10:29 (3010 turns).

subawu the Trooper (Draconian Chaos Knight)         Turns: 3010, Time: 00:10:30

Health: 0/47       AC:  5    Str: 14    XL:     5   Next: 26%
Magic:  5/5        EV: 13    Int: 15    God:    Xom [.....*]
Gold:   66         SH:  0    Dex: 13    Spells: 4/4 levels left

rFire   + + +        q - +2 falchion of the Extremes {heavy, rF+++ Str-4 Int+3}
rCold   . . .        (no shield)
rNeg    . . .        (body armour unavailable)
rPois   .            (helmet restricted)
rElec   .            (no cloak)
rCorr   .            (no gloves)
SInv    .            (no boots)
Will    .....        (no amulet)
Stlth   +            (no ring)
HPRegen 0.27/turn    (no ring)
MPRegen 0.09/turn

%: no passive effects
@: no status effects
A: AC +5, unfitting armour, cold-blooded, agile 1, high MP 1, strong 1
a: Renounce Religion


You were on level 4 of the Dungeon.
You worshipped Xom.
You were Xom's teddy bear.
You visited 1 branch of the dungeon, and saw 4 of its levels.

You collected 66 gold pieces.

Inventory:

Hand Weapons
 a - a +0 hand axe of chaos
 c - a +0 short sword
 k - a +4 mace
 m - the +4 sling "Caraosch" {heavy, rF++ Str+4 Dex-3}
   (You found it on level 2 of the Dungeon)

   Str:       It affects your strength (+4).
   Dex:       It affects your dexterity (-3).
   rF:        It greatly protects you from fire.
 q - the +2 falchion of the Extremes (weapon) {heavy, rF+++ Str-4 Int+3}
   (You found it on level 4 of the Dungeon)

   Str:       It affects your strength (-4).
   Int:       It affects your intelligence (+3).
   rF:        It renders you almost immune to fire.
Jewellery
 e - a ring of resist corrosion
Scrolls
 f - a scroll of fear {unknown}
 h - 4 scrolls of identify {unknown}
 i - 2 scrolls of immolation {unknown}
 j - 3 scrolls of amnesia {unknown}
 l - 2 scrolls of silence {unknown}
 p - a scroll of blinking {unknown}
Potions
 d - 5 potions of curing {unknown}
 g - a potion of brilliance {unknown}
 n - a potion of heal wounds {unknown}
 o - 2 potions of degeneration {unknown}
 r - a potion of attraction {unknown}
Miscellaneous
 b - a piece from Xom's chessboard (15/15) (quivered)


   Skills:
 + Level 4.6 Fighting
 + Level 4.2 Axes
 + Level 3.4 Dodging


You had 4 spell levels left.
You didn't know any spells.
Your spell library contained the following spells:

 Spells                   Type           Power      Damage    Failure   Level
 Ensorcelled Hibernation  Hex/Ice        0%         N/A       38%         2
 Spider Form              Tmut/Pois      0%         N/A       63%         3
 Anguish                  Hex/Necr       0%         N/A       95%         4
 Blade Hands              Tmut           0%         N/A       100%        5
 Iron Shot                Conj/Erth      0%         9d1       100%        6
 Animate Armour           Summ/Erth      Unusable   N/A       N/A         4

Dungeon Overview and Level Annotations

Branches:
Dungeon (4/15)
 Temple: D:4-7

Altars:
Dithmenos
Sif Muna


Innate Abilities, Weirdness & Mutations

Your plain brown scales are hard. (AC +5)
You cannot fit into any form of body armour.
You are cold-blooded and may be slowed by cold attacks.
You are agile. (Dex +4, Str/Int -1)
You have an increased reservoir of magic. (+10% MP)
Your muscles are strong. (Str +4, Int/Dex -1)


Message History

The adder bites you but does no damage. x2; Something hits you.
You closely miss something. The adder bites you.
The adder bites you but does no damage. The orc hits you with a +0 club.
Something hits you.
You barely miss something. The adder bites you but does no damage.
The adder bites you. x2
* * * LOW HITPOINT WARNING * * *
You are poisoned.
The adder poisons you! The adder attacks as you move away!
The adder bites you but does no damage.
You feel sick. The orc hits you with a +0 club.
* * * LOW HITPOINT WARNING * * *
You make a move on Xom's chessboard...
The orc seems to grow stronger.
You feel sick. The adder bites you.
* * * LOW HITPOINT WARNING * * *
You barely miss the orc. You tail-slap the orc.
The orc is severely wounded.
The world stops spinning.
You feel sick. The adder closely misses you.
The adder bites you but does no damage. The orc closely misses you.
The orc barely misses you.
The orc hits itself with a +0 club!
The orc is killed!
The adder bites you but does no damage.
You barely miss the adder.
You feel sick.
You are no longer poisoned.
The orc closely misses you.
Something hits the adder.
The adder misses you. The orc barely misses you. The adder barely misses you.
You slash the adder!
You kill the adder!
The orc seems less confused.
The orc closely misses you. Something barely misses you.
The orc hits you but does no damage.
Your piece from Xom's chessboard (15/15) has regained one charge.
You hit the orc.
You tail-slap the orc, but do no damage.
The orc is moderately wounded.
The orc completely misses you. Something hits you.
* * * LOW HITPOINT WARNING * * *
The orc hits you but does no damage. Something hits you.
You die... "Boring in life, boring in death..."

+....# #....#
#######....##+##.
.................
......:.........#
................#
.........o......#
.......○{@).....+
.......§§§......#
##....#○###.....#
....
#....#...#.....#
..... #...
#...'.....# ....
#...
###.#.....#####....
#..
#.##>.........#+##
+..
#..#....†.....+...
#..#..........#...


You could see an orc.

Vanquished Creatures
  A scorpion (D:4)
  A sleepcap (D:4)
  5 adders
  An ufetubus (D:2)
  A dart slug (D:1)
  An orc (D:4)
  2 endoplasms
  2 giant cockroaches (D:2)
  5 hobgoblins
  4 kobolds
  3 quokkas
  2 ball pythons
  3 bats
  2 frilled lizards
  2 goblins
35 creatures vanquished.

Notes
Turn   | Place    | Note
-------+----------+-------------------------------------------
     0 | D:1      | subawu the Draconian Chaos Knight began the quest for the
                  | Orb.
     0 | D:1      | Reached XP level 1. HP: 19/19 MP: 1/1
   216 | D:1      | Reached XP level 2. HP: 26/26 MP: 2/2
   539 | D:1      | XOM: silly message
   915 | D:1      | XOM: noise
  1254 | D:2      | XOM is BORED!
  1254 | D:2      | XOM: 1-stop teleportation journey
  1301 | D:2      | Identified the +4 sling "Caraosch" {heavy, rF++ Str+4
                  | Dex-3}
  1501 | D:2      | Reached XP level 3. HP: 31/33 MP: 3/3
  1595 | D:2      | Found a shimmering blue altar of Sif Muna.
  1717 | D:2      | XOM: scenery: summon butterflies
  1763 | D:2      | XOM: scenery: 1 doors close
  1823 | D:2      | XOM: cloud trail
  2436 | D:4      | Identified the +2 falchion of the Extremes {heavy, rF+++
                  | Str-4 Int+3}
  2448 | D:4      | XOM: give mutations
  2448 | D:4      | Gained mutation: You are agile. (Dex +4, Str/Int -1) [Xom's
                  | grace]
  2448 | D:4      | Gained mutation: You have an increased reservoir of magic.
                  | (+10% MP) [Xom's grace]
  2448 | D:4      | Gained mutation: Your muscles are strong. (Str +4, Int/Dex
                  | -1) [Xom's grace]
  2458 | D:4      | Noticed a scorpion
  2467 | D:4      | Killed a scorpion
  2468 | D:4      | Reached XP level 4. HP: 37/41 MP: 4/4
  2649 | D:4      | Found a shadowy altar of Dithmenos.
  2722 | D:4      | Reached XP level 5. HP: 16/47 MP: 5/5
  2880 | D:4      | XOM: 3-stop teleportation journey
  2952 | D:4      | XOM is BORED!
  2999 | D:4      | XOM: smoke on damage
  3002 | D:4      | XOM: cast spell 'Alistair's Intoxication'
  3010 | D:4      | Slain by an orc wizard

Illustrated notes

Levels and vault maps discovered:
D:1:      ncdulo_smallfort, layout_basic, hangedman_decor_clover_reticule,
          st_stairs_5
D:2:      layout_loops_corners, basic_altar, wad_floor_pattern_untrapped
D:3:      wad_lake_hut, layout_loops_cross, lemuel_doored_altar
D:4:      layout_gridville, kennysheep_mini

Skill      XL: |  1  2  3 |
---------------+----------+-----
Fighting       | 4 |  4.6
Axes           | 4 |  4.2
Dodging        | 3 |  3.4

Action                     |  1- 3 |  4- 6 || total
---------------------------+-------+-------++-------
  Melee: Hand axe          |    18 |       ||    18
         Mace              |    42 |       ||    42
         Falchion          |     4 |    24 ||    28
         Tailslap          |     1 |     6 ||     7
         Punch             |       |     1 ||     1
  Evoke: Piece from Xom's  |       |     1 ||     1
 Armour: Skin              |    32 |    20 ||    52
  Dodge: Dodged            |    57 |    52 ||   109

Table legend: (Time is in decaauts)
 A = Elapsed time spent in this place.
 B = Non-inter-level travel time spent in this place.
 C = Inter-level travel time spent in this place.
 D = Time resting spent in this place.
 E = Time spent auto-exploring this place.
 F = Levels seen in this place.
 G = Mean time per level.
                   A        B        C        D        E       F      G
               +--------+--------+--------+--------+--------+-----+--------+
         Total |   3049 |   2976 |     73 |    148 |    551 |   4 |  762.2 |
       Dungeon |   3049 |   2976 |     73 |    148 |    551 |   4 |  762.2 |
               +--------+--------+--------+--------+--------+-----+--------+

Top non-repeatable levels by time:
     D:1: 1243 daAuts
     D:2: 1058 daAuts
     D:4: 615 daAuts
     D:3: 131 daAuts
